 Dungeon Crawl Stone Soup version 0.30-a0-782-ge64f9170bb (webtiles) character file.

Game seed: 15109532510133630682

0 Flugkiller the Cutter (level 1, -1/13 HPs)
             Began as a Deep Elf Chaos Knight on Feb 28, 2023.
             Was a Plaything of Xom.
             Slain by a worm (10 damage)
             ... on level 1 of the Dungeon.
             The game lasted 00:00:33 (50 turns).

Flugkiller the Cutter (Deep Elf Chaos Knight)         Turns: 50, Time: 00:00:34

Health: -1/13      AC:  5    Str:  9    XL:     1   Next: 8%
Magic:  3/3        EV: 12    Int: 16    God:    Xom [..*...]
Gold:   11         SH:  0    Dex: 14    Spells: 0/0 levels left

rFire   . . .      SeeInvis .    a - +0 short sword (chaos)
rCold   . . .      Faith    .    (no shield)
rNeg    . . .      Spirit   .    b - +2 leather armour
rPois   .          Reflect  .    (no helmet)
rElec   .          Harm     .    (no cloak)
rCorr   .          Rampage  .    (no gloves)
Will    .....                    (no boots)
Stlth   +                        (no amulet)
HPRegen 0.22/turn                (no ring)
MPRegen 0.08/turn                (no ring)

@: no status effects
A: no striking features
a: Renounce Religion


You were on level 1 of the Dungeon.
You worshipped Xom.
You were a toy of Xom.
You visited 1 branch of the dungeon, and saw 1 of its levels.

You collected 11 gold pieces.

Inventory:

Hand Weapons
 a - a +0 short sword of chaos (weapon)
Armour
 b - a +2 leather armour (worn)
Scrolls
 d - a scroll of blinking {unknown}
Miscellaneous
 c - a piece from Xom's chessboard (15/15) (quivered)


   Skills:
 - Level 2.4 Fighting
 - Level 3.0 Short Blades
 - Level 0.7 Armour
 - Level 2.4 Dodging
 + Level 0.3 Stealth


You couldn't memorise any spells.
You didn't know any spells.
Your spell library was empty.

Dungeon Overview and Level Annotations

Branches:
Dungeon (1/15) Zot: 5950

Altars:


Message History

Welcome, Flugkiller the Deep Elf Chaos Knight.
Will you prevail where others failed? Will you find the Orb of Zot?
Xom says: A new plaything!
Press ? for a list of commands and other information.
Found a staircase leading out of the dungeon.
A rat comes into view.
You see here 11 gold pieces.
You now have 11 gold pieces.
Found a sling and 2 gold pieces.
The rat twitches its whiskers.
The rat bites you but does no damage.
You closely miss the rat. You hit the rat but do no damage.
The rat is poisoned.
The rat bites you.
You hit the rat. You freeze the rat.
You kill the rat!
You see here a rat corpse.
d - a scroll labelled ZYZENO GOHOJ A worm comes into view.
Found a stone staircase leading down.
You hit the worm. You freeze the worm.
The worm is lightly wounded.
You hit the worm.
The worm seems to grow stronger.
Xom is mildly amused.
The worm is moderately wounded.
The worm bites you.
You hit the worm.
The worm resists with some effort.
The worm is heavily wounded.
You hit the worm. You burn the worm.
The worm is heavily wounded.
The worm bites you!
Ouch! That really hurt!
You die...

. #....##.# ..##....##.#
........#.# #.....#.# .
#.....#.########. ####
##.....#..........
#....##.................
##...####............
#..$@.# #............
#...^w..##............
#.^...^...#............
#......^..#...........#
#.......................
#...^..>...#....†......#
##.......^.#.###.#######
##....^..##.# #.# #. #
#.# #.


You could see a worm (strong).

Vanquished Creatures
  A rat (D:1)
1 creature vanquished.

Notes
Turn   | Place    | Note
-------+----------+-------------------------------------------
     0 | D:1      | Flugkiller the Deep Elf Chaos Knight began the quest for
                  | the Orb.
     0 | D:1      | Reached XP level 1. HP: 13/13 MP: 3/3
    50 | D:1      | Slain by a worm

Illustrated notes

Levels and vault maps discovered:
D:1:      dpeg_arrival_lava_altar, layout_basic, minmay_misc_feat_ornament,
          kennysheep_minor_cross, nicolae_wormholes

Action                     || total
---------------------------++-------
  Melee: Short sword       ||     7
 Armour: Leather armour    ||     1

Table legend: (Time is in decaauts)
 A = Elapsed time spent in this place.
 B = Non-inter-level travel time spent in this place.
 C = Inter-level travel time spent in this place.
 D = Time resting spent in this place.
 E = Time spent auto-exploring this place.
 F = Levels seen in this place.
 G = Mean time per level.
                   A        B        C        D        E       F      G
               +--------+--------+--------+--------+--------+-----+--------+
         Total |     49 |     49 |      0 |      0 |     33 |   1 |   49.0 |
       Dungeon |     49 |     49 |      0 |      0 |     33 |   1 |   49.0 |
               +--------+--------+--------+--------+--------+-----+--------+

Top non-repeatable levels by time:
     D:1: 49 daAuts
